 Dungeon Crawl Stone Soup version 0.29.1-12-g30fa7ad0bf (webtiles) character file.

Game seed: 5519043019790599046

952 cowcol the Chopper (level 7, -3/61 HPs)
             Began as a Minotaur Monk on Jan 15, 2023.
             Killed by nerve-wracking pain
             ... invoked by Menkaure
              (10 damage)
             ... on level 5 of the Dungeon.
             The game lasted 00:13:46 (6423 turns).

cowcol the Chopper (Minotaur Monk)                  Turns: 6423, Time: 00:13:47

Health: -3/61      AC: 12    Str: 17    XL:     7   Next: 90%
Magic:  6/6        EV: 11    Int:  7    God:
Gold:   115        SH:  0    Dex: 13    Spells: 6/6 levels left

rFire   . . .      SeeInvis .   D - +2 war axe (venom)
rCold   . . .      Faith    +   (no shield)
rNeg    . . .      Spirit   .   g - +0 scale mail
rPois   .          Reflect  .   A - +2 hat
rElec   .          Harm     .   v - +0 cloak
rCorr   .          Rampage  .   l - +0 pair of gloves
Will    .....                   (no boots)
Stlth   +.........              t - amulet of faith
HPRegen 0.20/turn               (no ring)
MPRegen 0.10/turn               (no ring)

@: no status effects
A: horns 2, retaliatory headbutt
a: no special abilities


You were on level 5 of the Dungeon.
You visited 1 branch of the dungeon, and saw 5 of its levels.

You collected 277 gold pieces.
You spent 162 gold pieces at shops.

Inventory:

Hand Weapons
 a - a +0 hand axe
 e - a +0 dagger
 D - a +2 war axe of venom (weapon)
Missiles
 j - 31 stones
 k - 8 poisoned darts
 n - 4 silver boomerangs (quivered)
Armour
 b - a +0 robe
 g - a +0 scale mail (worn)
 h - a +0 ring mail
 l - a +0 pair of gloves (worn)
 v - a +0 cloak (worn)
 A - a +2 hat (worn)
 B - a +0 ring mail
Jewellery
 t - an amulet of faith (around neck)
 w - an amulet of magic regeneration
 x - a ring of wizardry
 y - a ring of fire
 C - a ring of positive energy
Wands
 z - a wand of acid (9)
Scrolls
 d - a scroll of summoning
 f - a scroll of magic mapping
 i - 2 scrolls of amnesia
 o - 3 scrolls of teleportation
 p - 3 scrolls of fear
 r - 2 scrolls of fog
 E - 2 scrolls of identify
Potions
 c - 2 potions of ambrosia
 m - 2 potions of flight
 q - 2 potions of brilliance
 s - a potion of lignification
 u - a potion of heal wounds


   Skills:
 + Level 5.1 Fighting
 - Level 2.9 Short Blades
 + Level 6.6 Axes
 + Level 0.6 Throwing
 * Level 6.1 Armour
 + Level 4.8 Dodging
 + Level 2.2 Stealth


You had 6 spell levels left.
You didn't know any spells.
Your spell library contained the following spells:

 Spells                   Type           Power      Damage    Failure   Level
 Shock                    Conj/Air       0%         1d3       80%         1
 Swiftness                Air            0%         N/A       99%         3
 Airstrike                Air            0%         2d(0-16)  100%        4


Dungeon Overview and Level Annotations

Branches:
Dungeon (5/15)
 Temple: D:4-7

Altars:
Gozag
Nemelex Xobeh
Ru
Uskayaw

Shops:
D:1 [[:   D:4 *

Annotations:
D:5 1 runed translucent door, Kamala's ghost, novice OgBe; Menkaure


Innate Abilities, Weirdness & Mutations

You have a pair of horns on your head.
You reflexively headbutt those who attack you in melee.


Message History

You hit the bat.
You kill the bat!
You open the door.
Found a rapier.
There is an open door here.
q - 2 potions of brilliance (gained 1)
j - 31 stones (gained 7) As you open the door, it creaks loudly!
There is an open door here.
You open the door.
There is an open door here.
You open the door.
There is an open door here.
There is an open door here.
Found a stone staircase leading up.
There is an open door here.
Found a robe.
As you open the door, it creaks loudly!
Found a plate armour.
Menkaure, Prince of Dust comes into view.
Menkaure calls on the powers of darkness!
Your body is wracked with pain!
Menkaure casts a spell.
Menkaure seems to speed up.
Menkaure gestures at you while chanting.
Pain shoots through your body!
Menkaure grins.
Menkaure points at you and mumbles some strange words.
Pain shoots through your body!
* * * LOW HITPOINT WARNING * * *
You hit Menkaure.
Menkaure is lightly damaged.
Menkaure hits you!
* * * LOW HITPOINT WARNING * * *
Menkaure hits you but does no damage.
You slash Menkaure!
Menkaure is heavily damaged.
Menkaure points at you and mumbles some strange words.
Pain shoots through your body!
You die...

....####
....#..##
....'...#
....#...#
....#####
##############
#####
#.............
#.......[.....
#.............
###.....@M......
#....#+#########
#....#
....#....+
#..##....#
#####..#.....#
.......#.....#
.......+.....+
#####..#.....#


You could see Menkaure (fast).

Vanquished Creatures
  2 water moccasins (D:4)
  A black bear (D:5)
  A centaur (D:5)
  A necrophage (D:2)
  A scorpion (D:5)
  A howler monkey (D:4)
  2 orc priests (D:4)
  An iguana (D:5)
  3 orc wizards
  Natasha (twice) (D:3)
  3 gnolls (D:4)
  4 adders
  3 worms
  3 dart slugs
  9 orcs
  7 bats
  6 endoplasms
  2 giant cockroaches
  8 goblins
  15 hobgoblins
  13 jackals
  9 kobolds
  5 quokkas
  4 ball pythons
  5 frilled lizards
  9 rats
120 creatures vanquished.

Notes
Turn   | Place    | Note
-------+----------+-------------------------------------------
     0 | D:1      | cowcol the Minotaur Monk began the quest for the Orb.
     0 | D:1      | Reached XP level 1. HP: 19/19 MP: 0/0
    83 | D:1      | Found Farphav's Book Boutique.
   163 | D:1      | Found Piuf's Armour Boutique.
   228 | D:1      | Reached XP level 2. HP: 24/27 MP: 1/1
   305 | D:1      | Found Nuohes's Armour Shop.
   578 | D:1      | Reached skill level 1 in Armour
   593 | D:1      | Reached XP level 3. HP: 33/33 MP: 2/2
   812 | D:1      | Found a faded altar of an unknown god.
  1236 | D:2      | Reached XP level 4. HP: 33/40 MP: 3/3
  1567 | D:2      | Noticed a necrophage
  1585 | D:2      | Killed a necrophage
  1586 | D:2      | Reached XP level 5. HP: 47/47 MP: 4/4
  2198 | D:3      | Noticed Natasha
  2735 | D:3      | Killed Natasha
  3096 | D:3      | Noticed Natasha
  3111 | D:3      | Killed Natasha
  3358 | D:4      | Reached skill level 5 in Axes
  3358 | D:4      | Reached XP level 6. HP: 53/53 MP: 5/5
  3390 | D:4      | Reached skill level 1 in Short Blades
  3545 | D:4      | Found an opulent altar of Gozag.
  4756 | D:4      | Found a sparkling altar of Nemelex Xobeh.
  4798 | D:4      | Noticed a +0 hand axe
  4798 | D:4      | Noticed a +0 hand axe
  4817 | D:4      | Found a hide-covered altar of Uskayaw.
  4888 | D:4      | Found Cogh's Serpentskin Sales.
  4888 | D:4      | Noticed a water moccasin
  4888 | D:4      | Noticed a water moccasin
  4899 | D:4      | Killed a water moccasin
  4900 | D:4      | Reached XP level 7. HP: 20/60 MP: 6/6
  4907 | D:4      | Reached skill level 5 in Armour
  5262 | D:4      | Bought a +2 war axe of venom for 162 gold pieces
  5847 | D:5      | Entered Level 5 of the Dungeon
  6028 | D:5      | Reached skill level 5 in Fighting
  6075 | D:5      | Found a runed translucent door.
  6075 | D:5      | Noticed Kamala's ghost (novice OgBe)
  6298 | D:5      | Found a sacrificial altar of Ru.
  6417 | D:5      | Noticed Menkaure
  6423 | D:5      | Killed from afar by Menkaure

Illustrated notes

Levels and vault maps discovered:
D:1:      nagdon_arrival_double_spiral, layout_loops_cross,
          basic_ecumenical_altar, serial_shops, nicolae_shop_trees,
          nicolae_shop_behind_doors, shop, patterned_corridor
D:2:      layout_basic, minmay_strange_pillars
D:3:      layout_basic, uniq_natasha
D:4:      layout_basic, dancing_weapons_uskayaw,
          nicolae_gozag_cash_rules_everything_around_me,
          mainiacjoe_overflow_catwalk, guppyfry_shop_venom
D:5:      layout_gridville, nicolae_ru_great_annihilating_truth,
          hellmonk_ghost_happy_afterlife, nrook_mini_backslash, uniq_menkaure

Skill      XL: |  1  2  3  4  5  6  7 |
---------------+----------------------+-----
Armour         | 1 2 4 6 |  6.1
Fighting       | 4 5 |  5.1
Axes           | 4 5 6 |  6.6
Stealth        | 2 |  2.2
Dodging        | 4 |  4.8
Short Blades   | 2 |  2.9
Throwing       | |  0.6

Action                   |  1- 3 |  4- 6 |  7- 9 || total
-------------------------+-------+-------+-------++-------
Melee: Hand axe          |    76 |   196 |     5 ||   277
       Headbutt          |    17 |    37 |     7 ||    61
       Punch             |       |     3 |       ||     3
       War axe           |       |       |    22 ||    22
Throw: Stone             |     2 |       |       ||     2
       Boomerang         |     4 |     4 |       ||     8
  Use: Scroll            |     4 |     4 |     3 ||    11
       Potion            |       |     1 |     1 ||     2
 Stab: Paralysed         |       |       |     1 ||     1
Armor: Ring mail         |    18 |       |       ||    18
       Robe              |     1 |       |       ||     1
       Scale mail        |     6 |    94 |    16 ||   116
Dodge: Dodged            |    45 |    98 |    14 ||   157
